 Dungeon Crawl Stone Soup version 0.20-a0-455-gc3b7d50 (webtiles) character file.

18 M4edhros the Grave Robber (level 2, 0/17 HPs)
             Began as an Octopode Necromancer on Jan 9, 2017.
             Slain by an ooze (3 damage)
             ... on level 1 of the Dungeon.
             The game lasted 00:01:19 (294 turns).

M4edhros the Grave Robber (Octopode Necromancer)     Turns: 294, Time: 00:01:19

Health: 0/17       AC:  1    Str:  7    XL:     2   Next: 66%
Magic:  1/5        EV: 13    Int: 17    God:
Gold:   16         SH:  0    Dex: 12    Spells: 3/5 levels left

rFire  . . .     SeeInvis .     e - +0 short sword
rCold  . . .     Gourm    .     (no shield)
rNeg   . . .     Faith    .     (helmet restricted)
rPois  .         Spirit   .     (no amulet)
rElec  .         Reflect  .     (no ring)
rCorr  .         Harm     .     (no ring)
MR     .....                    (no ring)
Stlth  +++.......               (no ring)
                                (no ring)
                                (no ring)
                                (no ring)
                                (no ring)

@: no status effects
A: almost no armour, stealthy swim, amphibious, 8 rings, constrict 8, camouflage
1, gelatinous body 1
a: no special abilities


You were on level 1 of the Dungeon.
You were not hungry.

You visited 1 branch of the dungeon, and saw 1 of its levels.

You collected 16 gold pieces.

Inventory:

Hand Weapons
 e - a +0 short sword (weapon)
Scrolls
 c - a scroll of identify {unknown}
 g - a scroll of remove curse {unknown}
Potions
 d - a potion of flight {unknown}
Books
 a - a book of Necromancy

   Spells                             Type                      Level
   a - Pain                           Necromancy                   1
   b - Animate Skeleton               Necromancy                   1
   c - Vampiric Draining              Necromancy                   3
   d - Regeneration                   Charms/Necromancy            3
   e - Animate Dead                   Necromancy                   4
   f - Control Undead                 Necromancy                   4
Comestibles
 b - a bread ration
 f - a chunk of flesh
 h - a meat ration


   Skills:
 - Level 2.0 Dodging
 - Level 2.6 Stealth
 + Level 2.2 Unarmed Combat
 - Level 2.0 Spellcasting
 - Level 4.0 Necromancy


You had 3 spell levels left.
You knew the following spells:

 Your Spells              Type           Power        Failure   Level  Hunger
a - Pain                  Necr           ###.         3%          1    #......
b - Animate Skeleton      Necr           N/A          3%          1    #......


Dungeon Overview and Level Annotations

Branches:
Dungeon (1/15)

Altars:


Innate Abilities, Weirdness & Mutations

You cannot wear most types of armour.
You are very stealthy in the water. (Stealth+)
You are amphibious.
You can wear up to eight rings at the same time.
You can use your tentacles to constrict eight enemies at once.
Your skin changes colour to match your surroundings (Stealth+).
Your rubbery body absorbs attacks. (AC +1, EV +1)


Message History

You kill the ball python!
Casting: Pain
Confirm with . or Enter, or press ? or * to list all spells.
Aiming: Pain
Press: ? - help, Shift-Dir - straight line, f - ooze
Aim: an ooze (chance to defeat MR: 73%)
The ooze struggles to resist.
Casting: Pain
Confirm with . or Enter, or press ? or * to list all spells.
Aiming: Pain
Press: ? - help, Shift-Dir - straight line, f/p - ooze
Aim: an ooze (chance to defeat MR: 73%)
The ooze struggles to resist.
Casting: Pain
Confirm with . or Enter, or press ? or * to list all spells.
Aiming: Pain
Press: ? - help, Shift-Dir - straight line, f/p - ooze
Aim: an ooze (chance to defeat MR: 73%)
The ooze struggles to resist.
The ooze hits you.
You die...

....#########...#.##....
#................)....
#.###............##.##
#.. #.######.##..##.##
####.##.# #.##..##.##
.(......# #.##..##...
.###.#..# #.##..##### #
#.!# #.##..# #.@#
.##....... #)J# #.######
#..# #.# # ....# #.# #
#..##.# #.. .. #.##..
#.# ### ## #.##. #.# ##
..##> #.# #.. ... ..#
..#


You could see an ooze.

Vanquished Creatures
  A ball python (D:1)
  4 bats (D:1)
  2 giant cockroaches (D:1)
  2 goblins (D:1)
  A hobgoblin (D:1)
  A kobold (D:1)
  2 frilled lizards (D:1)
  3 rats (D:1)
16 creatures vanquished.

Vanquished Creatures (collateral kills)
  A frilled lizard (D:1)
1 creature vanquished.

Grand Total: 17 creatures vanquished

Notes
Turn   | Place    | Note
-------+----------+-------------------------------------------
     0 | D:1      | M4edhros the Octopode Necromancer began the quest for the Orb.
     0 | D:1      | Reached XP level 1. HP: 11/11 MP: 3/3
    81 | D:1      | Reached skill level 1 in Unarmed Combat
   173 | D:1      | Reached XP level 2. HP: 8/17 MP: 0/5
   200 | D:1      | Learned a level 1 spell: Animate Skeleton
   294 | D:1      | Slain by an ooze

Vault maps used:
D:1:      onia_arrival_larder, grunt_decor_one_mirror, solitary_fountain

Skill      XL: |  1  2 |
---------------+-------+-----
Unarmed Combat | 1 2 |  2.2
Dodging        | |  2.0
Stealth        | |  2.6
Spellcasting   | |  2.0
Necromancy     | |  4.0

Action                   || total
-------------------------++-------
Melee: Unarmed           ||     5
       Constrict         ||     5
       Tentacles         ||     2
       Short sword       ||    12
 Cast: Pain              ||    18
       Animate Skeleton  ||     2
 Stab: Sleeping          ||     1
Armor: Skin              ||     2
Dodge: Dodged            ||    16
